 Dungeon Crawl Stone Soup version 0.20.1-1-g8b1a95d (webtiles) character file.

347 wojtek the Grave Robber (level 6, -2/32 HPs)
             Began as a Kobold Necromancer on Dec 19, 2017.
             Slain by a worm (11 damage)
             ... on level 2 of the Dungeon.
             The game lasted 00:10:29 (4583 turns).

wojtek the Grave Robber (Kobold Necromancer)        Turns: 4583, Time: 00:10:30

Health: -2/32      AC:  2    Str:  5    XL:     6   Next: 90%
Magic:  10/12      EV: 15    Int: 18    God:
Gold:   70         SH:  0    Dex: 16    Spells: 8/13 levels left

rFire    . . .     SeeInvis .   a - +0 short sword
rCold    . . .     Gourm    .   (shield restricted)
rNeg     . . .     Faith    .   d - +0 robe
rPois    .         Spirit   .   (no helmet)
rElec    .         Reflect  .   (no cloak)
rCorr    .         Harm     .   (no gloves)
MR       .....                  (no boots)
Stlth    ++........             (no amulet)
Regen    0.1/turn               (no ring)
MPRegen  0.2/turn               (no ring)

@: no status effects
A: carnivore 3
a: no special abilities


You were on level 2 of the Dungeon.
You were not hungry.

You visited 1 branch of the dungeon, and saw 3 of its levels.
You also visited: Sewer.

You collected 70 gold pieces.

Inventory:

Hand Weapons
 a - a +0 short sword (weapon)
Armour
 d - a +0 robe (worn)
Jewellery
 k - an uncursed ring of protection from fire {unknown}
 n - a +2 ring of protection {unknown}
Scrolls
 f - a scroll of enchant weapon {unknown}
 g - a scroll of fear {unknown}
 i - 2 scrolls of identify {unknown}
 m - 2 scrolls of immolation {unknown}
 p - 2 scrolls of recharging {unknown}
 r - a scroll of enchant armour {unknown}
 s - 2 scrolls of teleportation {unknown}
Potions
 e - 6 potions of heal wounds
 h - a potion of ambrosia {unknown}
 j - 2 potions of agility
 o - 2 potions of flight {unknown}
 q - 2 potions of curing {unknown}
 t - a potion of brilliance {unknown}
Books
 b - a book of Necromancy

   Spells                             Type                      Level
   a - Pain                           Necromancy                   1
   b - Animate Skeleton               Necromancy                   1
   c - Vampiric Draining              Necromancy                   3
   d - Regeneration                   Charms/Necromancy            3
   e - Animate Dead                   Necromancy                   4
   f - Control Undead                 Necromancy                   4
Comestibles
 c - 2 meat rations
 l - a royal jelly


   Skills:
 + Level 2.6 Dodging
 - Level 2.6 Stealth
 + Level 4.4 Spellcasting
 + Level 6.5 Necromancy


You had 8 spell levels left.
You knew the following spells:

 Your Spells              Type           Power        Failure   Level  Hunger
a - Pain                  Necr           ####         1%          1    None
d - Animate Dead          Necr           N/A          10%         4    ####...


Dungeon Overview and Level Annotations

Branches:
Dungeon (3/15)

Altars:
Nemelex Xobeh
Zin

Annotations:
D:2 Sigmund


Innate Abilities, Weirdness & Mutations

You are small and have problems with some larger weapons.
You are carnivorous and can eat meat at any time.


Message History

The orc wizard points at you and mumbles some strange words.
The puff of flame misses you.
There is a stone staircase leading up here.
A worm is nearby!
You climb upwards.
Level annotation: Sigmund
There is a stone staircase leading down here.
Casting: Pain
Confirm with . or Enter, or press ? or * to list all spells.
Aiming: Pain
Press: ? - help, Shift-Dir - straight line, f - worm
Aim: a worm (chance to defeat MR: 89%)
The worm writhes in agony!
The worm bites you!
Casting: Pain
Confirm with . or Enter, or press ? or * to list all spells.
Aiming: Pain
Press: ? - help, Shift-Dir - straight line, f/p - worm
Aim: a worm (lightly wounded, chance to defeat MR: 89%)
The worm writhes in agony!
The worm bites you!
You die...

##...........#.#
...)......รท..#.#
##.#########.#.#
#.#......##.#.#
#.#.)..#.##.#.#
##.####.#.##.#.###
......#.#.##.#...#
..###.#.#.##.###w#
................@#
....#.#.#.##.############
)...#.#.#.#.............#
....#.#......#########.##
#...#.###.#.## #.#
....#....)#.# #.#
#...#######.# #.#
..........#.# #.#
##..#####.#.# #.#


You could see a worm.

Vanquished Creatures
  3 big kobolds (Sewer)
  2 adders
  4 oozes
  5 worms (D:3)
  3 dart slugs
  5 leopard geckos
  3 orcs (D:3)
  4 giant cockroaches
  8 goblins
  7 hobgoblins
  A jackal (D:3)
  4 ball pythons
  7 bats
  A frilled lizard (D:2)
  18 kobolds
  9 rats
84 creatures vanquished.

Vanquished Creatures (collateral kills)
  An orc (D:3)
  A bat (D:2)
  A jackal (D:3)
  A ball python (Sewer)
4 creatures vanquished.

Grand Total: 88 creatures vanquished

Notes
Turn   | Place    | Note
-------+----------+-------------------------------------------
     0 | D:1      | wojtek the Kobold Necromancer began the quest for the Orb.
     0 | D:1      | Reached XP level 1. HP: 10/10 MP: 3/3
   239 | D:1      | Reached XP level 2. HP: 12/15 MP: 1/5
   770 | D:1      | Reached XP level 3. HP: 16/19 MP: 3/6
  1415 | D:1      | Found a sparkling altar of Nemelex Xobeh.
  1545 | D:1      | Reached skill level 5 in Necromancy
  2035 | D:2      | Reached XP level 4. HP: 23/24 MP: 4/7
  2123 | D:2      | Learned a level 4 spell: Animate Dead
  2502 | D:2      | Noticed Sigmund
  3099 | D:3      | Found a glowing drain.
  3104 | Sewer    | Entered a sewer
  3306 | Sewer    | Noticed a big kobold
  3306 | Sewer    | Noticed a big kobold
  3339 | Sewer    | Killed a big kobold
  3339 | Sewer    | Reached XP level 5. HP: 14/28 MP: 0/10
  3381 | Sewer    | Killed a big kobold
  3381 | Sewer    | Reached skill level 6 in Necromancy
  3381 | Sewer    | Reached XP level 6. HP: 18/32 MP: 6/12
  4408 | D:3      | Found a glowing silver altar of Zin.
  4583 | D:2      | Slain by a worm

Skill      XL: |  1  2  3  4  5 |
---------------+----------------+-----
Necromancy     | 5 6 |  6.5
Spellcasting   | 3 4 |  4.4
Dodging        | |  2.6
Stealth        | |  2.6

Action                   |  1- 3 |  4- 6 || total
-------------------------+-------+-------++-------
Melee: Unarmed           |     6 |       ||     6
       Short sword       |    34 |   134 ||   168
 Cast: Pain              |    44 |   104 ||   148
       Animate Dead      |       |    14 ||    14
  Use: Potion            |       |     3 ||     3
 Stab: Distracted        |     1 |       ||     1
       Sleeping          |     2 |     2 ||     4
  Eat: Chunk             |     9 |     8 ||    17
Armor: Robe              |     4 |    19 ||    23
       Skin              |       |    62 ||    62
Dodge: Dodged            |    37 |   138 ||   175
